 Dungeon Crawl Stone Soup version 0.30-a0-967-g9b59a09336 (console) character file.

Game seed: 2340381537367961999

172 Banquo the Ducker (level 5, -1/40 HPs)
             Began as a Djinni Monk on Mar 30, 2023.
             Killed by their own static electricity (3 damage)
             ... on level 3 of the Dungeon.
             The game lasted 00:09:08 (2272 turns).

Banquo the Ducker (Djinni Monk)                     Turns: 2272, Time: 00:09:08

Health: -1/40      AC:  3    Str: 10    XL:     5   Next: 83%
Gold:   86         EV: 13    Int: 14    God:
                   SH:  0    Dex: 15

rFire   + + .      SeeInvis .      - Unarmed
rCold   x . .      Faith    .    (no shield)
rNeg    . . .      Spirit   .    a - +0 robe
rPois   ∞          Reflect  .    g - +0 helmet
rElec   .          Rampage  .    (no cloak)
rCorr   .                        (no gloves)
Will    .....                    (boots unavailable)
Stlth   ++                       (no amulet)
HPRegen 0.26/turn                (no ring)
MPRegen 0.00/turn                (no ring)

@: flying, very slightly contaminated
A: sickness immunity, fire resistance 2, cold vulnerability 1, float, innate
caster, HP casting, extra vitality 1
a: no special abilities


You were on level 3 of the Dungeon.
You visited 1 branch of the dungeon, and saw 3 of its levels.

You collected 86 gold pieces.

Inventory:

Hand Weapons
 o - a +1 dagger of electrocution
Missiles
 m - 5 boomerangs of dispersal
Armour
 a - a +0 robe (worn)
 g - a +0 helmet (worn)
Scrolls
 d - a scroll of noise {unknown}
 e - a scroll of immolation {unknown}
 f - a scroll of teleportation {unknown}
 h - 2 scrolls of butterflies {unknown}
 j - a scroll of amnesia {unknown}
 l - 2 scrolls of identify {unknown}
 n - a scroll of enchant armour {unknown}
 p - a scroll of blinking {unknown}
Potions
 b - a potion of ambrosia
 c - a potion of lignification {unknown}
 i - a potion of mutation {unknown}
 k - 2 potions of curing {unknown}
 q - a potion of haste


   Skills:
 - Level 3.2 Fighting
 - Level 3.8 Dodging
 - Level 1.5 Stealth
 - Level 3.4 Unarmed Combat
 + Level 3.1 Spellcasting


You knew the following spells:

 Your Spells              Type           Power      Damage    Failure   Level
a - Foxfire               Conj/Fire      40%        2x1d4     6%          1
d - Static Discharge      Conj/Air       20%        2-3/arc   9%          2
Your spell library was empty.

Dungeon Overview and Level Annotations

Branches:
Dungeon (3/15)

Altars:
Hepliaklqana
Makhleb
Zin


Innate Abilities, Weirdness & Mutations

You are immune to sickness and miasma.
You are immune to poison.
Your flesh is very heat resistant. (rF++)
You are vulnerable to cold. (rC-)
You float through the air rather than walking.
You learn spells naturally, not from books.
Your magical power is your life essence.
You have superior vitality. (+4 MHP)


Message History

The foxfire hits the sleepcap but does no damage.
The sleepcap is moderately damaged.
The foxfire hits the sleepcap.
The sleepcap is heavily damaged.
The sleepcap releases spores at you.
Casting: Static Discharge (safe; 10% risk of failure)
Confirm with . or Enter, or press ? or * to list all spells.
The sleepcap is struck by an arc of lightning.
The sleepcap is lightly damaged.
The sleepcap is struck by an arc of lightning.
The sleepcap is severely damaged.
The sleepcap is struck by an arc of lightning.
The sleepcap is moderately damaged.
You are struck by an arc of lightning.
The lightning grounds out.
The sleepcap is struck by an arc of lightning.
The sleepcap is almost destroyed.
You are struck by an arc of lightning.
The sleepcap is struck by an arc of lightning.
The sleepcap is moderately damaged.
You are struck by an arc of lightning.
The lightning grounds out.
The sleepcap releases spores at you! The sleepcap releases spores at you.
* * * LOW HITPOINT WARNING * * *
Unknown command.
Casting: Static Discharge (safe; 10% risk of failure)
Confirm with . or Enter, or press ? or * to list all spells.
The sleepcap is struck by an arc of lightning.
The sleepcap is heavily damaged.
The sleepcap is struck by an arc of lightning.
You destroy the sleepcap!
The lightning grounds out.
* * * LOW HITPOINT WARNING * * *
The sleepcap releases spores at you.
* * * LOW HITPOINT WARNING * * *
Your Spellcasting skill increases to level 3!
Casting: Static Discharge (safe; 9% risk of failure)
Confirm with . or Enter, or press ? or * to list all spells.
The sleepcap is struck by an arc of lightning.
The sleepcap is heavily damaged.
You are struck by an arc of lightning.
You die...

#.#....##...## ## #. #.#.##'#
....# ######.# . ###..#.#
f...# .....#.# . ###.#.# ...#
.._..#.#.# ##...#.##...#
.....#.#.# ##....#....#
⌠#.#⌠#... #########..>..#.##.#
##)###.####.........#.###....#
#....<...#......@)......'....#
#.#[)....#.......f....###....#
###......#............# #....#
#.[[...#............# #...(#
#......#..†.........# #....#
#......#).......#...# #....# #
#.....['........#†..# ######
###......#######..+...#
..'.........# ..##...#


You could see a sleepcap.

Vanquished Creatures
  A sleepcap (D:3)
  2 orc wizards (D:3)
  3 adders (D:2)
  2 worms (D:2)
  4 orcs (D:3)
  7 endoplasms
  4 goblins
  5 hobgoblins
  9 kobolds
  4 quokkas
  A ball python (D:1)
  8 bats
  5 frilled lizards
  9 rats
64 creatures vanquished.

Vanquished Creatures (others)
  161 foxfires
161 creatures vanquished.

Grand Total: 225 creatures vanquished

Notes
Turn   | Place    | Note
-------+----------+-------------------------------------------
     0 | D:1      | Banquo the Djinni Monk began the quest for the Orb.
     0 | D:1      | Reached XP level 1. HP: 20/20 MP: 0/0
   309 | D:1      | Reached XP level 2. HP: 25/25 MP: 0/0
   601 | D:1      | Found a faded altar of an unknown god.
   678 | D:1      | Reached XP level 3. HP: 27/30 MP: 0/0
   678 | D:1      | Learned a level 1 spell: Foxfire
  1005 | D:2      | Reached skill level 1 in Spellcasting
  1030 | D:2      | Reached XP level 4. HP: 27/35 MP: 0/0
  1794 | D:3      | Found a burning altar of Makhleb.
  1964 | D:3      | Reached XP level 5. HP: 33/40 MP: 0/0
  1964 | D:3      | Learned a level 2 spell: Static Discharge
  1982 | D:3      | Found a hazy altar of Hepliaklqana.
  2192 | D:3      | Found a glowing silver altar of Zin.
  2272 | D:3      | Killed from afar by themself

Illustrated notes

Levels and vault maps discovered:
D:1:      elethiomel_arrival_shortcut, layout_basic,
          hellmonk_ecumenical_altar_zigzags
D:2:      layout_basic, serial_glass, glass_columns_c, glass_columns_a,
          glass_columns_c, glass_columns_a, glass_columns_b, glass_columns_c
D:3:      layout_basic, mainiacjoe_overflow_alcove_1, bloody_makhleb,
          mainiacjoe_overflow_alcove_2, marbit_many_paths, hellmonk_no_cap

Skill      XL: |  1  2  3  4  5 |
---------------+----------------+-----
Spellcasting   | 1 2 3 |  3.1
Fighting       | |  3.2
Dodging        | |  3.8
Stealth        | |  1.5
Unarmed Combat | |  3.4

Action                     |  1- 3 |  4- 6 || total
---------------------------+-------+-------++-------
  Melee: Unarmed           |    90 |     1 ||    91
         Punch             |     1 |       ||     1
   Cast: Foxfire           |    16 |    84 ||   100
         Static Discharge  |       |     3 ||     3
   Stab: Sleeping          |     4 |       ||     4
 Armour: Robe              |    27 |     9 ||    36
  Dodge: Dodged            |    73 |    18 ||    91

Table legend: (Time is in decaauts)
 A = Elapsed time spent in this place.
 B = Non-inter-level travel time spent in this place.
 C = Inter-level travel time spent in this place.
 D = Time resting spent in this place.
 E = Time spent auto-exploring this place.
 F = Levels seen in this place.
 G = Mean time per level.
                   A        B        C        D        E       F      G
               +--------+--------+--------+--------+--------+-----+--------+
         Total |   2267 |   2031 |    236 |    168 |   1304 |   3 |  755.7 |
       Dungeon |   2267 |   2031 |    236 |    168 |   1304 |   3 |  755.7 |
               +--------+--------+--------+--------+--------+-----+--------+

Top non-repeatable levels by time:
     D:2: 984 daAuts
     D:1: 884 daAuts
     D:3: 398 daAuts
